 Dungeon Crawl Stone Soup version 0.27.1-15-g792fb953b9 (webtiles) character file.

Game seed: 6825648968290890406

165 spaced the Conjurer (level 5, -3/28 HPs)
             Began as a Tengu Conjurer on Nov 19, 2021.
             Was an Initiate of Sif Muna.
             Killed from afar by an orc wizard (10 damage)
             ... with a puff of flame
             ... on level 3 of the Dungeon.
             The game lasted 00:12:30 (2753 turns).

spaced the Conjurer (Tengu Conjurer)                Turns: 2753, Time: 00:12:31

Health: -3/28      AC:  2    Str:  7    XL:     5   Next: 46%
Magic:  6/10       EV: 15    Int: 25    God:    Sif Muna [......]
Gold:   74         SH:  0    Dex: 13    Spells: 4/10 levels left

rFire    . . .     SeeInvis .   k - +0 short sword (venom)
rCold    . . .     Faith    .   (no shield)
rNeg     . . .     Spirit   .   a - +0 robe
rPois    .         Reflect  .   (helmet restricted)
rElec    .         Harm     .   (no cloak)
rCorr    .         Rampage  .   (no gloves)
Will     .....                  (boots unavailable)
Stlth    ++........             (no amulet)
HPRegen  0.09/turn              l - +6 ring of intelligence
MPRegen  0.12/turn              (no ring)

@: flying quickly and evasively, quick
A: beak, talons 3, nimble flight
a: Renounce Religion


You were on level 3 of the Dungeon.
You worshipped Sif Muna.
Sif Muna was noncommittal.
You visited 1 branch of the dungeon, and saw 4 of its levels.

You collected 74 gold pieces.

Inventory:

Hand Weapons
 k - a +0 short sword of venom (weapon)
Armour
 a - a +0 robe (worn)
 f - a +0 pair of boots
Jewellery
 l - a +6 ring of intelligence (left hand)
Scrolls
 b - a scroll of summoning {unknown}
 c - a scroll of identify {unknown}
 d - a scroll of noise {unknown}
 g - a scroll of silence
 j - a scroll of blinking {unknown}
 m - a scroll of immolation
 o - 3 scrolls of enchant weapon {unknown}
Potions
 e - a potion of heal wounds {unknown}
 h - a potion of haste {unknown}
 i - a potion of curing {unknown}
 n - a potion of degeneration {unknown}


   Skills:
 + Level 0.1 Short Blades
 + Level 2.6 Dodging
 + Level 2.3 Stealth
 + Level 3.0 Spellcasting
 + Level 7.6 Conjurations


You had 4 spell levels left.
You knew the following spells:

 Your Spells              Type           Power      Damage    Failure   Level
a - Magic Dart            Conj           100%       1d8       1%          1
b - Searing Ray           Conj           82%        3d6       1%          2
c - Dazzling Flash        Conj/Hex       44%        N/A       6%          3

Your spell library contained the following spells:

 Spells                   Type           Power      Damage    Failure   Level
 Fulminant Prism          Conj/Hex       11%        3d9       22%         4
 Iskenderun's Mystic Bla  Conj/Tloc      22%        2d6       22%         4


Dungeon Overview and Level Annotations

Branches:
Dungeon (4/15)
 Temple: D:4-7

Altars:
Fedhas
Kikubaaqudgha
Sif Muna
Yredelemnul


Innate Abilities, Weirdness & Mutations

You have a beak for a mouth.
You have claws for feet.
Your magical nature lets you fly swiftly and evasively.


Message History

Found four items.
Found a stone staircase leading down.
There is a stone staircase leading up here.
The gnoll shouts!
You hear a shout!
The ball python hisses angrily.
The gnoll shaman shouts!
A gnoll comes into view. It is wielding a +0 flail.
A gnoll comes into view. It is wielding a +3 flail.
The ball python bites you.
* * * LOW HITPOINT WARNING * * *
The ball python barely misses you.
There is a stone staircase leading up here.
The howler monkey howls!
The ball python bites you but does no damage.
The ball python misses you.
You fly upwards.
The orc wizard gestures at you while chanting.
You resist with some effort.
There is a stone staircase leading down here.
The orc wizard casts a spell.
The orc wizard flickers and vanishes!
Deactivating autopickup; reactivate with Ctrl-A.
Okay, then.
The ball python misses you. x2
Casting: Magic Dart (safe; 1% risk of failure)
Confirm with . or Enter, or press ? or * to list all spells.
Aiming: Magic Dart (safe; 1% risk of failure)
Press: ? - help, Shift-Dir - straight line, f - ball python
Aim: a ball python (100% to hit)
The magic dart hits the ball python!
You kill the ball python!
Sif Muna accepts your kill.
You start resting.
Something hits you but does no damage.
You barely miss something. Your kick misses something.
Your peck misses something. Something barely misses you.
You miss something. Something barely misses you.
You miss something.
You hear some strange, mumbled words.
A puff of flame appears from out of thin air!
The puff of flame hits you!
You die...

#..##....# ....
######......... #...
#....{......... ...
#.#####......[. #.. #.#
##......# #.. #.####
##...... #..
#....####.#.###
#..####........#.# #
#..@{.....######.# #
............#........# #
....##.######.##########
... #. ##.# #.. # #.
#..# #.# #. #.## #.# #.
#)# #.# #. #.# #.# #.#
#o#


There were no monsters in sight!

Vanquished Creatures
  A scorpion (D:3)
  An orc wizard (D:3)
  2 adders (D:2)
  A dart slug (D:1)
  7 orcs (D:3)
  6 ball pythons
  4 bats
  7 endoplasms
  3 giant cockroaches
  5 goblins (D:1)
  4 hobgoblins
  2 jackals (D:2)
  3 quokkas (D:1)
  A frilled lizard (D:2)
  6 kobolds
  A rat (D:1)
54 creatures vanquished.

Notes
Turn   | Place    | Note
-------+----------+-------------------------------------------
     0 | D:1      | spaced the Tengu Conjurer began the quest for the Orb.
     0 | D:1      | Reached XP level 1. HP: 10/10 MP: 4/4
   122 | D:1      | Reached XP level 2. HP: 6/15 MP: 0/6
   473 | D:1      | Reached skill level 6 in Conjurations
   765 | D:1      | Learned a level 2 spell: Searing Ray
   794 | D:1      | Reached XP level 3. HP: 19/19 MP: 4/7
  1516 | D:2      | Found a shimmering blue altar of Sif Muna.
  1527 | D:2      | Became a worshipper of Sif Muna the Loreminder
  1580 | D:2      | Found a faded altar of an unknown god.
  1601 | D:2      | Reached XP level 4. HP: 24/24 MP: 4/8
  2241 | D:3      | Noticed a scorpion
  2248 | D:3      | Killed a scorpion
  2249 | D:3      | Reached skill level 7 in Conjurations
  2249 | D:3      | Gained mutation: Your magical nature lets you fly swiftly
                  | and evasively. [Tengu growth]
  2249 | D:3      | Reached XP level 5. HP: 28/28 MP: 0/10
  2253 | D:3      | Learned a level 3 spell: Dazzling Flash
  2562 | D:3      | Found a basalt altar of Yredelemnul.
  2567 | D:3      | Found a blossoming altar of Fedhas.
  2579 | D:3      | Found an ancient bone altar of Kikubaaqudgha.
  2753 | D:3      | Killed from afar by an orc wizard

Illustrated notes

Levels and vault maps discovered:
D:1:      scummos_arrival_hexagon, layout_loops_corners
D:2:      layout_basic, hellmonk_ecumenical_altar_blasted, basic_altar
D:3:      layout_loops_ring, minitemple, minmay_randomly_rotated_circles,
          uniq_natasha
D:4:      layout_basic

Skill      XL: |  1  2  3  4  5 |
---------------+----------------+-----
Conjurations   | 6 7 |  7.6
Spellcasting   | 3 |  3.0
Short Blades   | |  0.1
Dodging        | |  2.6
Stealth        | |  2.3

Action                   |  1- 3 |  4- 6 || total
-------------------------+-------+-------++-------
Melee: Short sword       |       |    13 ||    13
       Kick              |       |     3 ||     3
 Cast: Magic Dart        |    55 |    43 ||    98
       Searing Ray       |     1 |     2 ||     3
  Use: Scroll            |     1 |       ||     1
Armor: Robe              |       |     2 ||     2
Dodge: Dodged            |     4 |    13 ||    17
